 Seeded DCSS version 0.30-a0-830-gfe289a77b0 (webtiles) character file.

Game seed: 10962520627805071627 (custom seed)

68 demibob the Cudgeller (level 4, 41/44 HPs)
             Began as a Troll Berserker on Feb 28, 2023.
             Was a Follower of Trog.
             Quit the game on level 2 of the Dungeon.
             The game lasted 00:01:21 (641 turns).

demibob the Cudgeller (Troll Berserker)              Turns: 641, Time: 00:01:21

Health: 41/44      AC:  4    Str: 25    XL:     4   Next: 1%
Magic:  3/3        EV: 10    Int:  5    God:    Trog [*.....]
Gold:   28         SH:  0    Dex: 11    Spells: 3/3 levels left

rFire   . . .      SeeInvis +    a - +4 giant club of Royalism {venom, Fly Dex+2}
rCold   . . .      Faith    +    (shield currently unavailable)
rNeg    . . .      Spirit   .    b - +0 animal skin
rPois   +          Reflect  .    e - +0 mask of the Dragon {Will+ Slay+3 SInv}
rElec   .          Harm     .    (no cloak)
rCorr   .          Rampage  .    (gloves unavailable)
Will    +....                    (boots unavailable)
Stlth   +                        f - amulet of faith {!P}
HPRegen 1.07/turn                P - ring of poison resistance
MPRegen 0.08/turn                (no ring)

@: flying
A: large, unfitting armour, claws 3, regeneration 1, shaggy fur 1, tough skin 1
a: Renounce Religion, Berserk


You were on level 2 of the Dungeon.
You worshipped Trog.
Trog was aware of your devotion.
You visited 1 branch of the dungeon, and saw 2 of its levels.

You collected 28 gold pieces.


Innate Abilities, Weirdness & Mutations

You are too large for most types of armour.
You have claws for hands.
Your natural rate of healing is unusually fast.
You are covered in fur. (AC +1)
You have tough skin. (AC +1)


   Skills:
 - Level 2.4 Fighting
 + Level 4.4 Maces & Flails
 - Level 2.4 Dodging


You had 3 spell levels left.
You didn't know any spells.
Your spell library was empty.

Inventory:

Hand Weapons
 a - the +4 giant club of Royalism (weapon) {venom, Fly Dex+2}
   (You acquired it on level 1 of the Dungeon)

   Dex:       It affects your dexterity (+2).
   Fly:       It grants you flight.
 d - a +0 mace
Armour
 b - a +0 animal skin (worn)
 e - the +0 mask of the Dragon (worn) {Will+ Slay+3 SInv}
   (You acquired it on level 1 of the Dungeon)

   Slay:      It affects your accuracy & damage with ranged weapons and melee
   (+3).
   SInv:      It lets you see invisible.
   Will:      It increases your willpower.
Jewellery
 f - an amulet of faith (around neck) {!P}
 j - an amulet of the acrobat
 P - a ring of poison resistance (left claw)
Scrolls
 c - a scroll of identify {unknown}
 g - 3 scrolls of enchant armour {unknown}
Potions
 h - a potion of berserk rage {unknown}
 i - a potion of haste {unknown}

Dungeon Overview and Level Annotations

Branches:
Dungeon (2/15)

Altars:

..<))).......##.
#...####........
#..............>
#........###########
########.# ##....
#.## ##..## #..#
#..▓.## ##.###.#.▓.#
#.....##@▓
####..###?# ##.# ▓(▓
#.# #$▓ #.. #.▓ ##..
#.$ #.. .#. ### #


There were no monsters in sight!


Message History

Trog accepts your kill.
You start resting.
HP restored.
Things that are here:
a +0 spear; a gnoll corpse
There is a stone staircase leading up here.
i - a pink potion You feel yourself speed up.
j - an amulet of the acrobat
Found a stone staircase leading down.
You recover from your berserk rage.
An endoplasm comes into view.
Found a scroll labelled ZACEWI VAMP, 8 stones and 11 gold pieces.
The endoplasm quivers.
An endoplasm is nearby!
Found 12 gold pieces.
A ball python comes into view.
The endoplasm freezes you.
You are frozen.
The helpless ball python fails to defend itself.
You sock the ball python!
You kill the ball python!
Trog accepts your kill. The endoplasm freezes you.
You are frozen.
You sock the endoplasm!
You kill the endoplasm!
Trog accepts your kill.
You have reached level 4!
Are you sure you want to abandon this character and quit the game? (Confirm with "yes".)

Skill      XL: |  1  2 |
---------------+-------+-----
Maces & Flails | 3 4 |  4.4
Fighting       | |  2.4
Dodging        | |  2.4

Action                     |  1- 3 |  4- 6 || total
---------------------------+-------+-------++-------
  Melee: Mace              |    10 |       ||    10
         Giant club        |    24 |       ||    24
 Invoke: Berserk           |     1 |       ||     1
    Use: Scroll            |     3 |       ||     3
   Stab: Sleeping          |     2 |       ||     2
 Armour: Animal skin       |    12 |       ||    12
  Dodge: Dodged            |    23 |       ||    23

Levels and vault maps discovered:
D:1:      lemuel_arrival_room, layout_basic, serial_aquarium,
          aquarium_bridge_square [aquarium_subvault_bridge,
          aquarium_subvault_window, aquarium_subvault_window,
          aquarium_subvault_bridge], aquarium_window_1, aquarium_window_3,
          aquarium_window_double, aquarium_view_2f, aquarium_view_2d,
          aquarium_balcony_3b
D:2:      layout_loops_ring, basic_ecumenical_altar, minmay_circle_x

Notes
Turn   | Place    | Note
-------+----------+-------------------------------------------
     0 | D:1      | demibob the Troll Berserker began the quest for the Orb.
     0 | D:1      | Reached XP level 1. HP: 22/22 MP: 0/0
    60 | D:1      | Reached skill level 3 in Maces & Flails
    83 | D:1      | Identified 3 scrolls of acquirement
    83 | D:1      | Acquired the +0 mask of the Dragon {Will+ Slay+3 SInv}
    83 | D:1      | Found the +0 mask of the Dragon {Will+ Slay+3 SInv}
    85 | D:1      | Acquired a ring of poison resistance
    87 | D:1      | Acquired the +4 giant club of Royalism {venom, Fly Dex+2}
   138 | D:1      | Reached XP level 2. HP: 27/29 MP: 1/1
   591 | D:2      | Reached skill level 4 in Maces & Flails
   591 | D:2      | Reached XP level 3. HP: 35/36 MP: 2/2
   641 | D:2      | Reached XP level 4. HP: 41/44 MP: 3/3
   641 | D:2      | Quit the game

Vanquished Creatures
  An adder (D:2)
  4 gnolls (D:2)
  A dart slug (D:1)
  A bat (D:1)
  3 endoplasms
  2 goblins (D:1)
  A hobgoblin (D:1)
  3 kobolds (D:1)
  A quokka (D:1)
  2 ball pythons
19 creatures vanquished.

Table legend: (Time is in decaauts)
 A = Elapsed time spent in this place.
 B = Non-inter-level travel time spent in this place.
 C = Inter-level travel time spent in this place.
 D = Time resting spent in this place.
 E = Time spent auto-exploring this place.
 F = Levels seen in this place.
 G = Mean time per level.
                   A        B        C        D        E       F      G
               +--------+--------+--------+--------+--------+-----+--------+
         Total |    661 |    656 |      5 |     15 |    502 |   2 |  330.5 |
       Dungeon |    661 |    656 |      5 |     15 |    502 |   2 |  330.5 |
               +--------+--------+--------+--------+--------+-----+--------+

Top non-repeatable levels by time:
     D:1: 582 daAuts
     D:2: 78 daAuts

Table legend:
 A = Non-vault XP
 B = Vault XP
 C = Vault XP percentage of total XP
 D = Non-vault monster count
 E = Vault monster count
 F = Vault count percentage of total count
                 A         B        C        D         E       F
            +---------+---------+-------+---------+---------+-------
      Total |      94 |       4 |   4.1 |      17 |       2 |  10.5
            +---------+---------+-------+---------+---------+-------
        D:1 |      23 |       0 |   0.0 |      12 |       0 |   0.0
        D:2 |      71 |       4 |   5.3 |       5 |       2 |  28.6
            +---------+---------+-------+---------+---------+-------
